 Dungeon Crawl Stone Soup version 0.31-a0-816-gd61d57ddb1 (webtiles) character file.

Game seed: 5900144445353499455

267 Maratek the Chopper (level 6, -1/53 HPs)
             Began as a Hill Orc Fighter on Sept 22, 2023.
             Slain by a gnoll
             ... wielding a +0 spear
              (7 damage)
             ... on level 2 of the Dungeon.
             The game lasted 00:02:52 (1887 turns).

Maratek the Chopper (Hill Orc Fighter)              Turns: 1887, Time: 00:02:53

Health: -1/53      AC:  7    Str: 21    XL:     6   Next: 21%
Magic:  6/6        EV:  9    Int:  8    God:
Gold:   86         SH:  4    Dex: 10    Spells: 5/5 levels left

rFire   . . .        a - +0 war axe
rCold   . . .        c - +0 buckler
rNeg    . . .        b - +0 scale mail
rPois   .            (no helmet)
rElec   .            (no cloak)
rCorr   .            (no gloves)
SInv    .            (no boots)
Will    .....        (no amulet) Stlth
                     (no ring)
HPRegen 0.28/turn    (no ring)
MPRegen 0.10/turn

%: no passive effects
@: no status effects
A: no striking features
a: no special abilities


You were on level 2 of the Dungeon.
You visited 1 branch of the dungeon, and saw 2 of its levels.

You collected 86 gold pieces.

Inventory:

Hand Weapons
 a - a +0 war axe (weapon)
Missiles
 i - a silver javelin (quivered)
Armour
 b - a +0 scale mail (worn)
 c - a +0 buckler (worn)
Scrolls
 f - a scroll of brand weapon {unknown}
 g - 2 scrolls of identify {unknown}
 k - a scroll of poison {unknown}
 n - a scroll of fog {unknown}
 q - a scroll of enchant weapon {unknown}
Potions
 d - a potion of might
 e - 2 potions of mutation {unknown}
 h - a potion of enlightenment {unknown}
 j - a potion of invisibility {unknown}
 l - 2 potions of curing {unknown}
 m - 3 potions of degeneration {unknown}
 o - a potion of cancellation {unknown}
 p - a potion of heal wounds {unknown}


   Skills:
 + Level 4.4 Fighting
 * Level 5.0 Axes
 + Level 2.1 Throwing
 + Level 4.2 Armour
 + Level 0.8 Dodging
 + Level 0.4 Stealth
 + Level 3.9 Shields


You had 5 spell levels left.
You didn't know any spells.
Your spell library was empty.

Dungeon Overview and Level Annotations

Branches:
Dungeon (2/15)

Altars:


Message History

You hit the gnoll but do no damage.
The gnoll is severely wounded.
The gnoll hits you with a +0 club. The gnoll hits you but does no damage.
You hit the gnoll.
You kill the gnoll!
The gnoll hits you from afar with a +0 spear.
You hit the gnoll.
The gnoll is lightly wounded.
You block the gnoll's attack.
The gnoll hits you from afar with a +0 spear.
The gnoll hits you with a +0 whip.
The gnoll hits you from afar with a +0 spear.
You barely miss the gnoll.
The gnoll is lightly wounded.
The gnoll hits you with a +0 whip.
* * * LOW HITPOINT WARNING * * *
The gnoll hits you from afar with a +0 spear.
* * * LOW HITPOINT WARNING * * *
You slash the gnoll!
You kill the gnoll!
You block the gnoll's attack.
Your Axes skill increases to level 5!
The gnoll hits you but does no damage.
Items here: ))) †.
The gnoll barely misses you.
You barely miss the gnoll. The gnoll hits you with a +0 spear.
* * * LOW HITPOINT WARNING * * *
The gnoll hits you with a +0 spear.
* * * LOW HITPOINT WARNING * * *
You barely miss the gnoll. The gnoll closely misses you.
You hit the gnoll.
The gnoll is heavily wounded.
You block the gnoll's attack.
You hit the gnoll but do no damage.
The gnoll is heavily wounded.
The gnoll hits you but does no damage. x2
You hit the gnoll.
The gnoll is heavily wounded.
The gnoll hits you with a +0 spear!
You die...

..........#####
#.#.##.........
#....†...###### #
###.##'### .#
....#...## .#
####.....## #.##
#.......## ##...##
#.........####..$..#
+.........'..)@...#
#.........####g...#
##.......## ##.#.#
##.....## ## #
##...## ##+#


You could see a gnoll.

Vanquished Creatures
  Sigmund (D:2)
  An orc wizard (D:2)
  3 gnolls (D:2)
  A worm (D:2)
  A dart slug (D:1)
  3 orcs (D:2)
  3 ball pythons
  4 endoplasms
  4 giant cockroaches
  8 goblins (D:2)
  3 hobgoblins
  2 jackals (D:1)
  A quokka (D:2)
  4 bats
  2 frilled lizards (D:1)
  3 kobolds
  3 rats
47 creatures vanquished.

Notes
Turn   | Place    | Note
-------+----------+-------------------------------------------
     0 | D:1      | Maratek the Hill Orc Fighter began the quest for the Orb.
     0 | D:1      | Reached XP level 1. HP: 19/19 MP: 1/1
   114 | D:1      | Reached XP level 2. HP: 24/27 MP: 2/2
   745 | D:2      | Reached XP level 3. HP: 33/33 MP: 3/3
   809 | D:2      | Reached skill level 3 in Axes
  1511 | D:2      | Noticed Sigmund
  1520 | D:2      | Killed Sigmund
  1521 | D:2      | Reached skill level 4 in Axes
  1521 | D:2      | Reached skill level 1 in Throwing
  1521 | D:2      | Reached XP level 4. HP: 24/41 MP: 4/4
  1521 | D:2      | Reached XP level 5. HP: 27/47 MP: 5/5
  1674 | D:2      | Reached XP level 6. HP: 15/53 MP: 6/6
  1881 | D:2      | Reached skill level 5 in Axes
  1887 | D:2      | Slain by a gnoll

Illustrated notes

Levels and vault maps discovered:
D:1:      matt_arrival_refuge, layout_basic, minmay_cut_off
D:2:      kennysheep_the_goblin_king, layout_loops_corners,
          minmay_misc_feat_nine_boxes, chequers_avenue, serial_bayou_crossing,
          uniq_sigmund

Skill      XL: |  1  2  3  4  5  6 |
---------------+-------------------+-----
Fighting       | 4 |  4.4
Axes           | 4 5 |  5.0
Throwing       | 1 2 |  2.1
Armour         | 4 |  4.2
Dodging        | |  0.8
Stealth        | |  0.4
Shields        | |  3.9

Action                     |  1- 3 |  4- 6 || total
---------------------------+-------+-------++-------
  Melee: War axe           |    81 |    48 ||   129
  Throw: Javelin           |    28 |     1 ||    29
 Armour: Scale mail        |    66 |    60 ||   126
  Dodge: Dodged            |    42 |    16 ||    58
  Block: Buckler           |    22 |    13 ||    35

Table legend: (Time is in decaauts)
 A = Elapsed time spent in this place.
 B = Non-inter-level travel time spent in this place.
 C = Inter-level travel time spent in this place.
 D = Time resting spent in this place.
 E = Time spent auto-exploring this place.
 F = Levels seen in this place.
 G = Mean time per level.
                   A        B        C        D        E       F      G
               +--------+--------+--------+--------+--------+-----+--------+
         Total |   1952 |   1928 |     24 |     71 |   1522 |   2 |  976.0 |
       Dungeon |   1952 |   1928 |     24 |     71 |   1522 |   2 |  976.0 |
               +--------+--------+--------+--------+--------+-----+--------+

Top non-repeatable levels by time:
     D:2: 1186 daAuts
     D:1: 765 daAuts
